 Dungeon Crawl Stone Soup version 0.28-b1-1-g3c77fb2 (webtiles) character file.

Game seed: 11972630527328675851

1727 BALLS the Slasher (level 9, -2/47 HPs)
             Began as a Vine Stalker Fighter on Jan 28, 2022.
             Killed from afar by an acid dragon (9 damage)
             ... with a splash of acid
             ... on level 6 of the Dungeon.
             The game lasted 00:08:41 (5122 turns).

BALLS the Slasher (Vine Stalker Fighter)            Turns: 5122, Time: 00:08:42

Health: -2/47      AC:  8    Str: 23    XL:     9   Next: 5%
Magic:  0/10       EV:  9    Int:  8    God:
Gold:   340        SH:  5    Dex: 14    Spells: 8/8 levels left

rFire   . . .      SeeInvis .   a - +0 long sword
rCold   . . .      Faith    .   c - +0 buckler
rNeg    . . .      Spirit   +   b - +0 scale mail
rPois   .          Reflect  .   h - +1 helmet
rElec   .          Harm     .   u - +0 cloak
rCorr   .          Rampage  .   (no gloves)
Will    +....                   k - +0 pair of boots
Stlth   ..........              (no amulet)
HPRegen 0.95/turn               (no ring)
MPRegen 0.12/turn               (no ring)

@: corroded
A: fangs 3, regeneration 1, magic shield, antimagic bite, no potion heal 2
a: no special abilities


You were on level 6 of the Dungeon.
You visited 1 branch of the dungeon, and saw 7 of its levels.

You collected 340 gold pieces.

Inventory:

Hand Weapons
 a - a +0 long sword (weapon)
 d - a +0 scimitar
Missiles
 l - 2 throwing nets (quivered)
Armour
 b - a +0 scale mail (worn)
 c - a +0 buckler (worn)
 h - a +1 helmet (worn)
 k - a +0 pair of boots (worn)
 u - a +0 cloak (worn)
Wands
 p - a wand of paralysis (4)
 v - a wand of digging (4)
Scrolls
 f - 4 scrolls of enchant armour {unknown}
 g - 2 scrolls of teleportation {unknown}
 j - 6 scrolls of identify {unknown}
 n - a scroll of silence {unknown}
 x - a scroll of blinking {unknown}
Potions
 e - a potion of attraction {unknown}
 i - 3 potions of curing {unknown}
 m - a potion of lignification {unknown}
 o - a potion of resistance {unknown}
 r - a potion of cancellation {unknown}
 s - 2 potions of magic {unknown}
 t - a potion of ambrosia {unknown}
 w - a potion of brilliance {unknown}


   Skills:
 - Level 5.0 Fighting
 + Level 7.1 Long Blades
 - Level 5.0 Armour
 - Level 5.0 Shields


You had 8 spell levels left.
You didn't know any spells.
Your spell library contained the following spells:

 Spells                   Type           Power      Damage    Failure   Level
 Pain                     Necr           0%         1d4       80%         1
 Stone Arrow              Conj/Erth      0%         3d7       99%         3
 Animate Armour           Summ/Erth      0%         N/A       100%        4
 Agony                    Necr           0%         N/A       100%        5
 Excruciating Wounds      Necr           0%         N/A       100%        5
 Lehudib's Crystal Spear  Conj/Erth      0%         10d2      100%        8


Dungeon Overview and Level Annotations

Branches:
Dungeon (7/15)
 Temple: D:4-7

Altars:
Wu Jian


Innate Abilities, Weirdness & Mutations

You have razor-sharp teeth.
Your natural rate of healing is unusually fast.
When hurt, damage is shared between your health and your magic reserves.
Your bite disrupts and absorbs the magic of your enemies.
Potions cannot restore your health.


Message History

You need to enable at least one skill for training.
You have reached level 9!
Your experience leads to an increase in your attributes!
Increase (S)trength, (I)ntelligence, or (D)exterity?
You feel stronger. x2
You start resting.
HP restored.
You climb downwards.
The acid dragon spits acid at you. The splash of acid hits you!!
The black bear completely misses you. The black bear barely misses you. x2
The black bear bites you but does no damage.
The black bear claws you but does no damage. x2
There is a stone staircase leading up here.
The black bear bites you but does no damage.
The black bear claws you.
The black bear claws you but does no damage.
You block the acid dragon's attack. The acid dragon barely misses you.
You climb upwards.
There is a stone staircase leading down, spattered with blood here.
The acid dragon spits acid at you. The splash of acid hits you!!
* * * LOW HITPOINT WARNING * * *
As you read the scroll of fog, it crumbles to dust.
The scroll dissolves into smoke.
The acid dragon spits acid at you. The splash of acid hits you!
* * * LOW HITPOINT WARNING * * *
The acid corrodes you!
You are no longer corroded.
The acid dragon spits acid at you. The splash of acid hits you!!
* * * LOW HITPOINT WARNING * * *
The acid dragon spits acid at you. The splash of acid hits you!
* * * LOW HITPOINT WARNING * * *
The acid corrodes you! The acid dragon spits acid at you.
The splash of acid hits you!
You die...

#
#.###..##...................
# #.#
##..#..........####..### #
#.# ##............# #.## #
###.# ##...........# #.# #
##...# ###.......^....# ##.#
#..#####..............###..#
##.###......#....########..##
##..#...#...##....# ##.#####
......##...###..@.#
##......## ...........#
#....# ##........#
.##..##.#### #....#
#.......... ####....# ##.###
#.......... # #..###### #D#
#.......... #...h.h.# #h#
#.......... #.#####D# #.#
#.......... #.# #.# #.#
####........# ####h#
#h####.#####...........#


You could see a black bear and an acid dragon (catching breath).

Vanquished Creatures
  A steam dragon (D:6)
  A water moccasin (D:6)
  Duvessa (D:7)
  2 black bears
  A hornet zombie (D:6)
  3 ogres
  A phantom (D:4)
  Blork the orc (D:6)
  A wyvern zombie (D:5)
  A scorpion (D:6)
  A water moccasin skeleton (D:5)
  Dowan (D:7)
  A wight (D:7)
  2 hounds
  A jelly (D:5)
  2 orc priests (D:5)
  A centaur skeleton (D:5)
  An iguana (D:5)
  An orc wizard (D:5)
  A hound skeleton (D:4)
  2 adders (D:3)
  8 gnolls
  2 ufetubi (D:5)
  A worm (D:2)
  6 dart slugs
  13 orcs
  9 ball pythons
  3 bats
  3 endoplasms (D:2)
  3 giant cockroaches
  8 goblins
  12 hobgoblins
  5 jackals
  3 quokkas
  3 frilled lizards
  11 kobolds
  7 rats
124 creatures vanquished.

Vanquished Creatures (others)
  An orc wizard (D:7)
1 creature vanquished.

Grand Total: 125 creatures vanquished

Notes
Turn   | Place    | Note
-------+----------+-------------------------------------------
     0 | D:1      | BALLS the Vine Stalker Fighter began the quest for the Orb.
     0 | D:1      | Reached XP level 1. HP: 11/11 MP: 2/2
    23 | D:1      | Reached skill level 2 in Long Blades
    74 | D:1      | Reached XP level 2. HP: 9/16 MP: 1/3
   359 | D:1      | Reached skill level 3 in Long Blades
   546 | D:1      | Reached XP level 3. HP: 19/19 MP: 4/4
   572 | D:1      | Found a faded altar of an unknown god.
  1762 | D:3      | Found an ornate altar of the Wu Jian Council.
  1926 | D:3      | Gained mutation: Your natural rate of healing is unusually
                  | fast. [Vine Stalker growth]
  1926 | D:3      | Reached XP level 4. HP: 23/23 MP: 5/5
  1962 | D:3      | Reached skill level 4 in Long Blades
  2096 | D:3      | Reached XP level 5. HP: 27/27 MP: 4/6
  2846 | D:4      | Reached skill level 5 in Long Blades
  3072 | D:4      | Noticed an ogre
  3087 | D:4      | Killed an ogre
  3088 | D:4      | Reached XP level 6. HP: 32/32 MP: 7/7
  3188 | D:4      | Reached skill level 6 in Long Blades
  3444 | D:5      | Entered Level 5 of the Dungeon
  3579 | D:5      | Noticed a black bear
  3595 | D:5      | Killed a black bear
  3596 | D:5      | Reached XP level 7. HP: 28/35 MP: 4/8
  3772 | D:5      | Reached skill level 7 in Long Blades
  3964 | D:5      | Reached skill level 5 in Fighting
  3964 | D:5      | Gained mutation: You have razor-sharp teeth. [Vine Stalker
                  | growth]
  3964 | D:5      | Reached XP level 8. HP: 31/43 MP: 6/9
  4437 | D:6      | Reached skill level 5 in Shields
  4464 | D:6      | Noticed Blork the orc
  4491 | D:6      | Killed Blork the orc
  4912 | D:7      | Noticed Duvessa
  4938 | D:7      | Noticed Dowan
  4945 | D:7      | Killed Duvessa
  4968 | D:7      | Killed Dowan
  5076 | D:6      | Reached skill level 5 in Armour
  5076 | D:6      | Reached XP level 9. HP: 39/47 MP: 8/10
  5108 | D:6      | HP: 2/47 [acid dragon/splash of acid (17)]
  5122 | D:6      | Killed from afar by an acid dragon

Illustrated notes

Levels and vault maps discovered:
D:1:      scummos_arrival_simple_fountains, layout_rooms,
          hellmonk_ecumenical_altar_blasted
D:2:      layout_rooms
D:3:      wad_river_or_something, layout_loops_ring,
          mainiacjoe_overflow_brackets
D:4:      layout_basic
D:5:      layout_basic, kennysheep_nondescript
D:6:      layout_rooms, uniq_blork_the_orc
D:7:      minmay_clustersquares, layout_layer_cave, minmay_temple_entry_fiery,
          uniq_duvessa

Skill      XL: |  1  2  3  4  5  6  7  8 |
---------------+-------------------------+-----
Long Blades    | 2 3 4 5 6 7 |  7.1
Fighting       | 5 |  5.0
Shields        | 5 |  5.0
Armour         | 5 |  5.0

Action                   |  1- 3 |  4- 6 |  7- 9 || total
-------------------------+-------+-------+-------++-------
Melee: Long sword        |    99 |   112 |   195 ||   406
       Bite              |    14 |    28 |    50 ||    92
  Use: Scroll            |     2 |       |     1 ||     3
       Potion            |       |       |     1 ||     1
Armor: Scale mail        |    39 |    46 |    91 ||   176
Dodge: Dodged            |    42 |    49 |    87 ||   178
Block: Buckler           |    20 |    28 |    43 ||    91
